 Dungeon Crawl Stone Soup version 0.31-a0-325-g067879e3d3 (webtiles) character file.

Game seed: 14529450980506661142

504 killozap the Grave Robber (level 6, 0/46 HPs)
             Began as a Demonspawn Necromancer on Apr 30, 2023.
             Slain by Duvessa
             ... wielding a +0 short sword
              (12 damage)
             ... while paralysed by Grinder
             ... on level 4 of the Dungeon on July 18, 2023.
             The game lasted 00:16:46 (5207 turns).

killozap the Grave Robber (Demonspawn Necromancer)  Turns: 5207, Time: 00:16:46

Health: 0/46       AC:  8    Str:  8    XL:     6   Next: 96%
Magic:  0/11       EV:  2    Int: 18    God:
Gold:   193        SH:  0    Dex: 14    Spells: 3/11 levels left

rFire   . . .        d - +0 dagger
rCold   . . .        (no shield)
rNeg    . . .        a - +0 robe
rPois   .            (helmet restricted)
rElec   .            x - +0 cloak
rCorr   .            u - +2 pair of gloves
SInv    .            (no boots)
Will    .....        o - amulet of regeneration
Stlth   ++           l - ring of flight
HPRegen 1.07/turn    (no ring)
MPRegen 0.12/turn

%: no passive effects
@: paralysed, flying
A: antennae 2, thin metallic scales 1
a: no special abilities


You were on level 4 of the Dungeon.
You visited 1 branch of the dungeon, and saw 4 of its levels.

You collected 193 gold pieces.

Inventory:

Hand Weapons
 d - a +0 dagger (weapon)
Armour
 a - a +0 robe (worn)
 h - a +1 helmet
 u - a +2 pair of gloves (worn)
 x - a +0 cloak (worn)
Jewellery
 l - a ring of flight (left hand)
 o - an amulet of regeneration (around neck)
Scrolls
 c - 4 scrolls of teleportation {unknown}
 f - a scroll of poison {unknown}
 i - a scroll of revelation {unknown}
 j - a scroll of blinking {unknown}
 k - 2 scrolls of vulnerability {unknown}
 r - a scroll of fear {unknown}
 w - a scroll of butterflies {unknown}
 y - a scroll of identify {unknown}
Potions
 b - 2 potions of magic
 e - a potion of curing {unknown}
 g - 2 potions of might {unknown}
 m - a potion of degeneration {unknown}
 n - a potion of ambrosia {unknown}
 p - a potion of mutation {unknown}
 q - a potion of berserk rage {unknown}
 s - a potion of heal wounds {unknown}
 t - a potion of cancellation {unknown}
 v - 3 potions of haste {unknown}


   Skills:
 + Level 2.9 Fighting
 + Level 3.3 Dodging
 - Level 1.7 Stealth
 + Level 3.4 Spellcasting
 * Level 6.8 Necromancy


You had 3 spell levels left.
You knew the following spells:

 Your Spells              Type           Power      Damage    Failure   Level
a - Necrotise             Necr           100%       1d9       1%          1
b - Vampiric Draining     Necr           27%        2d7       2%          3
c - Animate Dead          Necr           27%        N/A       10%         4

Your spell library contained the following spells:

 Spells                   Type           Power      Damage    Failure   Level
 Blink                    Tloc           6%         N/A       24%         2
 Lesser Beckoning         Tloc           6%         N/A       24%         2
 Momentum Strike          Conj/Tloc      6%         3d8       24%         2
 Inner Flame              Hex/Fire       3%         N/A       43%         3
 Agony                    Necr           27%        N/A       26%         5
 Flame Wave               Conj/Fire      3%         2d5       83%         4
 Sticky Flame             Conj/Fire      3%         2d3       83%         4


Dungeon Overview and Level Annotations

Branches:
Dungeon (4/15)
 Temple: D:4-7

Altars:
Fedhas

Shops:
D:2 *   D:3 [

Annotations:
D:4 Duvessa, Grinder


Innate Abilities, Weirdness & Mutations

You have a pair of antennae on your head.
You are partially covered in thin metallic scales. (AC +2)


Message History

Duvessa attacks as you move away! Duvessa hits you with a +0 short sword.
Duvessa hits you but does no damage.
Casting: Necrotise (safe; 1% risk of failure)
Confirm with . or Enter, or press ? or * to list all spells.
Aiming: Vampiric Draining (dangerous; 2% risk of failure)
Press: ? - help, Shift-Dir - straight line, f - Duvessa
Aim: Duvessa, wielding a +0 short sword and wearing a +0 chain mail (berserk, ally target)
You draw life force from Duvessa.
You feel life coursing into your body. Duvessa hits you with a +0 short sword!
Casting: Vampiric Draining (dangerous; 2% risk of failure)
Confirm with . or Enter, or press ? or * to list all spells.
Aiming: Vampiric Draining (dangerous; 2% risk of failure)
Press: ? - help, Shift-Dir - straight line, f/p - Duvessa
Aim: Duvessa, wielding a +0 short sword and wearing a +0 chain mail (lightly wounded, berserk, ally target)
You draw life force from Duvessa!
You feel life coursing into your body.
Duvessa hits you with a +0 short sword! x2
Casting: Vampiric Draining (dangerous; 2% risk of failure)
Confirm with . or Enter, or press ? or * to list all spells.
Aiming: Vampiric Draining (dangerous; 2% risk of failure)
Press: ? - help, Shift-Dir - straight line, f/p - Duvessa
Aim: Duvessa, wielding a +0 short sword and wearing a +0 chain mail (moderately wounded, berserk, ally target)
You draw life force from Duvessa.
You feel life coursing into your body. Duvessa barely misses you.
Casting: Vampiric Draining (dangerous; 2% risk of failure)
Confirm with . or Enter, or press ? or * to list all spells.
You don't have enough magic to cast this spell.
Unknown command.
Casting: Vampiric Draining (dangerous; 2% risk of failure)
Confirm with . or Enter, or press ? or * to list all spells.
Aiming: Necrotise (safe; 1% risk of failure)
Press: ? - help, Shift-Dir - straight line, f/p - Duvessa
Aim: Duvessa, wielding a +0 short sword and wearing a +0 chain mail (moderately wounded, berserk, ally target, chance to affect: 70%) Duvessa writhes in agony.
Dowan crumbles into dust!
Duvessa hits you with a +0 short sword. Grinder gestures at you.
You suddenly lose the ability to move!
Duvessa hits you with a +0 short sword!
* * * LOW HITPOINT WARNING * * *
Duvessa hits you with a +0 short sword!
You die...

#####.# #.........# ......#
#.#######.# .###### #.# #.# .#
#.# #.# .# ###'## #.# .#
#....# #.# ######## .# #....#
#.# #....... .#
######....######.#####.......
.#
##.........5.@e.......'.)...>.
.#
#..##...#.#######.#.###.......
.# #.###...#.# #####.#.#
#....... [###.###...#.#
#...#.#.# #.......
>............# #...#.#.#
#....... .####........#
#...#.#.######.... .##
#........# #...#.#...........
..###........#
#...#.#...........
.[..#........#
#...#.#...........


You could see Grinder and Duvessa (berserk).

Vanquished Creatures
  Blork the orc (D:4)
  Dowan (D:4)
  2 hounds
  A jelly (D:4)
  An orc priest (D:3)
  A sleepcap (D:4)
  Jessica (D:2)
  An iguana (D:3)
  4 gnolls (D:3)
  5 adders
  9 dart slugs
  5 orcs
  7 ball pythons
  6 bats
  5 endoplasms
  2 giant cockroaches (D:2)
  3 hobgoblins
  3 jackals (D:4)
  3 quokkas
  3 frilled lizards
  9 goblins
  3 kobolds
  4 rats
80 creatures vanquished.

Vanquished Creatures (collateral kills)
  2 dart slugs
  An orc (D:3)
  A jackal (D:4)
  A kobold (D:3)
  A goblin (D:4)
  A rat (D:2)
7 creatures vanquished.

Vanquished Creatures (others)
  A hound zombie (D:4)
1 creature vanquished.

Grand Total: 88 creatures vanquished

Notes
Turn   | Place    | Note
-------+----------+-------------------------------------------
     0 | D:1      | killozap the Demonspawn Necromancer began the quest for the
                  | Orb.
     0 | D:1      | Reached XP level 1. HP: 13/13 MP: 3/3
     0 | D:1      | Upgraded the game from 0.31-a0-1-g4198be8af4 to
                  | 0.31-a0-325-g067879e3d3
   469 | D:1      | Gained mutation: You are partially covered in thin metallic
                  | scales. (AC +2) [demonic ancestry]
   469 | D:1      | Reached XP level 2. HP: 20/20 MP: 0/5
  1117 | D:2      | Found Mampem's General Store.
  1154 | D:2      | Noticed Jessica
  1158 | D:2      | Killed Jessica
  1159 | D:2      | Reached skill level 1 in Fighting
  1159 | D:2      | Reached skill level 5 in Necromancy
  1159 | D:2      | Gained mutation: You have a pair of small antennae on your
                  | head. [demonic ancestry]
  1159 | D:2      | Reached XP level 3. HP: 26/26 MP: 2/6
  1335 | D:2      | Found a faded altar of an unknown god.
  1559 | D:1      | Reached XP level 4. HP: 30/32 MP: 4/7
  2311 | D:3      | Found Vuc Onupp's Armour Shoppe.
  2364 | D:3      | Found a blossoming altar of Fedhas.
  2584 | D:3      | Gained mutation: You have a pair of antennae on your head.
                  | [demonic ancestry]
  2584 | D:3      | Reached XP level 5. HP: 21/38 MP: 0/9
  2680 | D:3      | Learned a level 3 spell: Vampiric Draining
  2685 | D:3      | Learned a level 4 spell: Animate Dead
  3421 | D:4      | Noticed Blork the orc
  3531 | D:4      | Noticed Dowan
  3531 | D:4      | Noticed Duvessa
  3577 | D:3      | Reached skill level 6 in Necromancy
  3816 | D:4      | Noticed an ogre
  4080 | D:4      | Reached XP level 6. HP: 41/45 MP: 0/10
  4191 | D:4      | Noticed Grinder
  4256 | D:4      | Killed Blork the orc
  4954 | D:4      | Paralysed by Grinder for 3 turns
  5181 | D:4      | Killed Dowan
  5206 | D:4      | Paralysed by Grinder for 3 turns
  5207 | D:4      | Slain by Duvessa

Illustrated notes

Levels and vault maps discovered:
D:1:      minmay_arrival_radiant_lines, layout_loops_corners, serial_glass,
          glass_columns_b, glass_columns_c, feat_on_display,
          chequers_hall_statues_corner_a, solitary_fountain
D:2:      layout_loops_ring, serial_shops, shop,
          hellmonk_ecumenical_altar_crossroads, uniq_jessica
D:3:      kennysheep_slugbush, layout_loops_ring, fedhas_ov_isle_minmay,
          serial_shops, shop
D:4:      layout_basic, uniq_blork_the_orc, uniq_duvessa, uniq_grinder

Skill      XL: |  1  2  3  4  5 |
---------------+----------------+-----
Dodging        | 2 3 |  3.3
Fighting       | 1 2 |  2.9
Necromancy     | 5 6 |  6.8
Spellcasting   | 3 |  3.4
Stealth        | |  1.7

Action                     |  1- 3 |  4- 6 || total
---------------------------+-------+-------++-------
  Melee: Dagger            |     7 |    44 ||    51
         Punch             |       |     2 ||     2
   Cast: Necrotise         |    44 |   158 ||   202
         Vampiric Draining |       |     4 ||     4
         Animate Dead      |       |     1 ||     1
 Armour: Robe              |     5 |    40 ||    45
  Dodge: Dodged            |    24 |    80 ||   104

Table legend: (Time is in decaauts)
 A = Elapsed time spent in this place.
 B = Non-inter-level travel time spent in this place.
 C = Inter-level travel time spent in this place.
 D = Time resting spent in this place.
 E = Time spent auto-exploring this place.
 F = Levels seen in this place.
 G = Mean time per level.
                   A        B        C        D        E       F      G
               +--------+--------+--------+--------+--------+-----+--------+
         Total |   5214 |   4929 |    285 |    613 |   3027 |   4 | 1303.5 |
       Dungeon |   5214 |   4929 |    285 |    613 |   3027 |   4 | 1303.5 |
               +--------+--------+--------+--------+--------+-----+--------+

Top non-repeatable levels by time:
     D:4: 1620 daAuts
     D:3: 1450 daAuts
     D:1: 1154 daAuts
     D:2: 989 daAuts
